Map: Hielo y cromo EE

Players

MrFercho - Winner!

  • Race: Zerg Zerg
  • League: Silver
  • Spawn Location: 1:00

drezhere

  • Race: Protoss Protoss
  • Spawn Location: 7:00

VOD

Have the link to the VOD?

Description

Time

  • Played on: July 4, 2020, 8:55 a.m.
  • Length: 24:45
Show
View Real Time Build Order
Export as new Build Order

MrFercho Zerg - Winner!

Build Orders: Hatch First 

Get SALT Encoding   

  12  0:01  Drone  
  13  0:13  Overlord  
  13  0:17  Drone  
  14  0:31  Drone x2  
  16  0:52  Drone  
  16  0:54  Hatchery  
  16  0:58  Drone  
  17  1:12  Spawning Pool  
  17  1:15  Drone  
  17  1:19  Drone  
  17  1:21  Drone  
  19  1:32  Extractor, Drone  
  19  1:39  Drone  
  20  2:01  Queen, Overlord  
  22  2:14  Queen  
  24  2:15  Drone  
  24  2:16  Drone x2  
  24  2:19  Drone  
  28  2:23  Drone  
  30  2:30  Drone  
  30  2:40  Lair  
  30  2:42  Drone x2  
  32  3:00  Roach Warren  
  31  3:06  Evolution Chamber  
  31  3:08  Zergling x4  
  31  3:10  Drone  
  31  3:11  Drone x2  
  31  3:12  Drone  
  36  3:14  Overlord x3  
  36  3:31  Queen  
  38  3:55  Glial Reconstitution  
  38  3:56  Zerg Missile Weapons Level 1  
  38  4:01  Roach  
  40  4:07  Extractor x2  
  37  4:14  Overseer  
  37  4:28  Drone  
  37  4:29  Drone x4  
  37  4:30  Drone  
  43  4:39  Drone x5  
  43  4:40  Drone  
  49  4:52  Hydralisk Den  
  48  4:53  Drone  
  48  4:55  Overlord  
  49  5:20  Roach x2  
  49  5:21  Roach x7  
  60  5:56  Drone  
  60  5:57  Drone x4  
  55  5:58  Drone x5  
  55  6:03  Roach  
  46  6:19  Roach x7  
  48  6:38  Hydralisk x2  
  45  7:10  Roach  
  45  7:11  Roach x6  
  55  7:27  Drone x2  
  55  7:29  Overlord x2  
  51  7:38  Overlord x2  
  51  7:44  Drone  
  49  8:07  Queen x2  
  49  8:09  Drone x6  
  59  8:15  Drone  
  60  8:35  Spore Crawler  
  60  8:37  Spine Crawler  
  60  8:38  Drone x3  
  60  8:40  Drone x3  
  64  8:50  Drone x2  
  64  8:52  Zerg Missile Weapons Level 2  
  64  8:54  Drone  
  64  8:55  Drone x2  
  69  9:00  Drone  
  70  9:04  Drone  
  71  9:12  Overlord  
  71  9:15  Drone  
  72  9:21  Hatchery  
  71  9:24  Drone  
  71  9:25  Drone x2  
  71  9:30  Extractor  
  73  9:33  Overlord x2  
  73  9:53  Drone x7  
  80  10:01  Drone  
  80  10:03  Overlord  
  80  10:05  Drone  
  82  10:14  Overseer  
  82  10:25  Zergling x4  
  82  10:27  Drone  
  82  10:28  Drone x2  
  87  10:39  Spine Crawler  
  86  10:46  Infestation Pit  
  85  10:52  Hydralisk Den  
  85  10:57  Drone x7  
  85  11:02  Extractor  
  90  11:04  Extractor  
  89  11:12  Queen  
  89  11:16  Drone x2  
  89  11:17  Drone x7  
  100  11:32  Overlord x2  
  100  11:33  Overlord x5  
  100  11:36  Hatchery  
  100  11:37  Grooved Spines  
  99  11:49  Hatchery  
  98  12:03  Hive  
  98  12:07  Hydralisk x4  
  98  12:08  Hydralisk x7  
  118  12:40  Hatchery  
  117  12:49  Muscular Augments, Hydralisk x15  
  147  13:01  Overseer  
  147  13:11  Spore Crawler  
  146  13:16  Spine Crawler  
  146  13:17  Zerg Missile Weapons Level 3, Spine Crawler  
  146  13:19  Spine Crawler  
  143  13:30  Drone x3, Evolution Chamber  
  145  13:43  Drone x8  
  153  13:48  Overlord  
  153  13:56  Zerg Ground Armor Level 1  
  95  14:20  Hydralisk x4  
  95  14:21  Hydralisk x5  
  111  14:25  Queen  
  113  14:36  Drone x9  
  122  14:40  Extractor  
  122  14:42  Extractor  
  120  15:02  Spire  
  119  15:12  Drone x15  
  134  15:18  Overlord x2  
  134  15:19  Overlord  
  134  15:23  Overseer x2  
  134  16:01  Lurker Den  
  134  16:02  Zerg Ground Armor Level 2  
  133  16:04  Zerg Melee Weapons Level 1  
  133  16:06  Metabolic Boost  
  133  16:08  Hydralisk  
  133  16:09  Hydralisk x22  
  179  16:21  Drone  
  180  16:25  Drone x2  
  180  16:26  Drone x8  
  180  16:27  Overlord  
  190  16:39  Overlord x2  
  190  16:40  Overlord  
  190  16:41  Overlord  
  190  16:49  Drone x2  
  190  16:50  Drone x4  
  190  16:52  Drone x2  
  198  16:56  Extractor  
  198  16:58  Extractor  
  196  17:10  Corruptor  
  196  17:11  Corruptor  
  132  18:06  Hydralisk x11  
  132  18:07  Hydralisk x16  
  154  18:15  Greater Spire  
  154  18:17  Seismic Spines  
  146  18:22  Mutalisk  
  146  18:23  Mutalisk x7  
  162  18:49  Lurker x2  
  162  18:50  Lurker x4  
  168  18:56  Extractor  
  166  19:13  Extractor  
  166  19:14  Adaptive Talons  
  166  19:15  Extractor  
  82  19:37  Hydralisk x5  
  82  19:38  Hydralisk x9  
  96  19:42  Zergling x2  
  96  19:43  Zergling x24  
  121  19:53  Overlord x2  
  121  19:59  Drone  
  123  20:00  Drone x5  
  127  20:07  Spore Crawler  
  127  20:10  Spine Crawler  
  127  20:13  Spine Crawler  
  124  20:30  Hydralisk  
  124  20:31  Hydralisk x13  
  152  20:35  Hatchery  
  152  20:36  Extractor  
  152  20:38  Extractor  
  149  20:45  Spore Crawler  
  148  20:54  Spine Crawler  
  148  20:55  Spine Crawler  
  142  20:58  Spine Crawler  
  142  21:00  Spine Crawler  
  112  21:27  Corruptor x5  
  112  21:28  Corruptor x3  
  114  22:02  Brood Lord  
  114  22:03  Brood Lord x2  
  120  22:09  Zergling x2  
  120  22:10  Zergling x24  
  133  22:23  Drone x3  
  133  22:24  Drone x5  
  141  22:58  Hatchery  
  141  23:03  Extractor x2  
  138  23:07  Hydralisk x5  
  138  23:08  Hydralisk x10  
  168  23:14  Brood Lord x2  
  168  23:15  Brood Lord  
  174  23:38  Overseer x2  
  174  23:39  Pneumatized Carapace  
Show
View Real Time Build Order
Export as new Build Order

drezhere Protoss 

Build Orders:  

Get SALT Encoding   

  12  0:02  Probe  
  13  0:18  Pylon  
  13  0:19  Probe  
  14  0:25  Assimilator  
  14  0:32  Probe  
  15  0:43  Gateway, Probe  
  16  0:51  Probe  
  17  1:01  Probe  
  18  1:04  Pylon  
  18  1:15  Gateway  
  18  1:20  Probe  
  19  1:35  Probe  
  19  1:38  Cybernetics Core  
  19  1:39  Zealot  
  22  1:47  Probe  
  22  1:49  Assimilator  
  23  2:02  Pylon  
  23  2:05  Stalker  
  25  2:24  Robotics Facility  
  25  2:29  Stalker  
  27  2:39  Pylon  
  27  2:41  Warp Gate  
  27  2:46  Probe  
  28  2:58  Forge  
  28  3:01  Twilight Council  
  28  3:06  Zealot  
  28  3:12  Immortal  
  34  3:30  Zealot  
  36  3:34  Probe  
  37  3:44  Gateway  
  37  3:57  Warp Prism  
  39  4:05  Protoss Ground Weapons Level 1  
  39  4:10  Gateway  
  39  4:58  Stalker  
  41  5:04  Nexus  
  41  5:29  Photon Cannon  
  41  5:43  Zealot  
  41  5:45  Zealot  
  41  5:46  Stalker  
  47  5:53  Zealot  
  41  6:05  Zealot  
  41  6:06  Zealot  
  41  6:18  Zealot  
  43  6:20  Stalker  
  43  6:36  Zealot  
  43  6:39  Pylon  
  43  6:43  Zealot  
  43  6:45  Zealot  
  45  6:54  Zealot  
  41  7:00  Stalker  
  31  7:25  Probe  
  32  7:33  Probe  
  26  7:38  Pylon  
  26  7:43  Probe  
  26  7:44  Stalker  
  29  7:45  Stalker  
  29  7:46  Zealot  
  29  7:47  Zealot  
  36  7:59  Charge  
  28  8:16  Zealot  
  28  8:18  Zealot  
  28  8:19  Zealot  
  32  8:20  Stalker  
  34  8:27  Probe  
  34  8:28  Photon Cannon  
  34  8:30  Probe  
  36  8:35  Probe  
  36  8:38  Probe  
  37  8:43  Probe  
  37  8:48  Probe  
  40  8:56  Robotics Bay  
  40  9:04  Robotics Bay  
  40  9:11  Robotics Facility  
  40  9:13  Probe  
  40  9:16  Assimilator  
  41  9:21  Probe  
  41  9:25  Photon Cannon  
  41  9:27  Protoss Ground Weapons Level 2  
  42  9:39  Probe  
  43  9:48  Colossus  
  43  9:51  Probe  
  50  9:56  Extended Thermal Lance  
  50  10:03  Probe  
  51  10:13  Stalker, Assimilator  
  53  10:15  Stalker, Probe  
  53  10:16  Stalker  
  53  10:17  Zealot  
  60  10:27  Probe  
  60  10:28  Robotics Facility  
  61  10:29  Colossus  
  61  10:35  Gateway  
  67  10:53  Pylon  
  67  10:55  Immortal  
  67  10:56  Zealot  
  69  10:58  Zealot  
  69  11:00  Stalker  
  77  11:19  Pylon  
  77  11:23  Stargate  
  77  11:25  Observer  
  78  11:40  Gravitic Boosters  
  78  11:50  Pylon  
  78  12:06  Stalker  
  78  12:08  Zealot  
  82  12:09  Zealot  
  82  12:11  Zealot  
  82  12:12  Zealot  
  76  12:42  Zealot  
  76  12:43  Zealot  
  80  12:45  Stalker  
  80  12:46  Stalker  
  80  12:48  Stalker  
  86  12:58  Stargate  
  86  13:05  Pylon  
  86  13:15  Fleet Beacon  
  86  13:30  Nexus  
  86  13:36  Stalker  
  86  13:37  Stalker  
  86  13:39  Zealot  
  86  13:40  Zealot  
  94  13:43  Colossus x2  
  78  14:24  Carrier  
  60  14:29  Carrier  
  66  14:36  Colossus  
  78  14:57  Colossus, Pylon  
  84  15:07  Mothership  
  84  15:12  Assimilator  
  92  15:24  Stalker  
  92  15:26  Stalker  
  96  15:39  Photon Cannon  
  96  15:42  Photon Cannon  
  96  15:47  Pylon  
  97  15:50  Tempest, Probe  
  97  15:53  Protoss Ground Armor Level 1  
  97  15:55  Pylon  
  97  15:59  Assimilator  
  97  16:02  Probe  
  97  16:03  Protoss Air Weapons Level 1  
  103  16:24  Tempest  
  108  16:29  Immortal  
  108  16:34  Immortal  
  116  17:03  Photon Cannon  
  116  17:07  Photon Cannon  
  116  17:10  Photon Cannon, Zealot  
  116  17:12  Stalker  
  116  17:14  Stalker  
  122  17:17  Tempest  
  122  17:20  Zealot  
  129  17:48  Pylon  
  100  18:24  Stalker  
  100  18:25  Zealot  
  100  18:26  Zealot  
  106  18:28  Stalker  
  106  18:29  Zealot  
  110  18:48  Carrier x2  
  122  18:50  Colossus  
  122  18:55  Colossus  
  103  20:00  Observer x2  
  103  20:04  Zealot  
  103  20:05  Zealot  
  103  20:06  Zealot  
  110  20:09  Zealot  
  110  20:10  Zealot  
  51  21:55  Stalker  
  51  21:56  Immortal x2, Zealot  
  51  21:57  Zealot  
  51  21:59  Stalker  
  51  22:00  Stalker  
  59  22:23  Photon Cannon  
  59  22:25  Photon Cannon  
  59  22:26  Photon Cannon  
  59  22:39  Stalker  
  59  22:41  Nexus  
  59  22:42  Zealot  
  59  22:43  Zealot  
  65  22:45  Stalker  
  67  22:55  Shield Battery  
  67  22:59  Immortal, Pylon  
  67  23:10  Immortal  
  67  23:11  Pylon  
  75  23:17  Stalker  
  75  23:19  Zealot  
  79  23:20  Zealot  
  79  23:22  Zealot  
  79  23:24  Zealot  
  85  23:38  Observer  
  86  23:41  Pylon  
  86  23:47  Gateway  
  86  23:50  Photon Cannon  
  86  23:53  Photon Cannon  
  86  23:55  Photon Cannon  
  86  23:57  Photon Cannon  
  86  24:02  Photon Cannon  
  86  24:04  Photon Cannon  
  86  24:05  Assimilator  
  80  24:10  Stalker  
  80  24:12  Stalker  
  76  24:21  Stalker  
  50  24:31  Zealot  
Tags
 
League
Silver
Matchup
PvZ
Replay Pack
MrFercho
Spawn Locations
Cross Positions
Add a new tag
Caveats
  • Supply blocks, unpowered buildings, or Contaminate may cause inaccurate times.
  • Supply counts are checked every 10 seconds.